 Dungeon Crawl Stone Soup version 0.31-a0-360-gb3e1d13bf4 (webtiles) character file.

Game seed: 9781249029336419971

285 hashsling the Cudgeller (level 6, -3/39 HPs)
             Began as a Gargoyle Fighter on July 26, 2023.
             Slain by a gnoll
             ... wielding a +0 spear
             ... led by a gnoll bouda
              (4 damage)
             ... on level 4 of the Dungeon.
             The game lasted 00:13:36 (2948 turns).

hashsling the Cudgeller (Gargoyle Fighter)          Turns: 2948, Time: 00:13:37

Health: -3/39      AC: 12    Str: 21    XL:     6   Next: 29%
Magic:  6/6        EV:  9    Int: 15    God:
Gold:   198        SH:  9    Dex:  9    Spells: 5/5 levels left

rFire   . . .        a - +0 flail
rCold   . . .        c - +0 buckler
rNeg    + . .        b - +0 scale mail
rPois   ∞            i - +0 helmet
rElec   +            (no cloak)
rCorr   .            (no gloves)
SInv    .            (no boots)
Will    .....        j - amulet of reflection Stlth
                     g - +6 ring of intelligence
HPRegen 0.26/turn    (no ring)
MPRegen 0.10/turn

%: reflection
@: no status effects
A: sickness immunity, AC +4, negative energy resistance 1, electricity
resistance, torment resistance 1, petrification resistance
a: no special abilities


You were on level 4 of the Dungeon.
You visited 1 branch of the dungeon, and saw 4 of its levels.

You collected 198 gold pieces.

Inventory:

Hand Weapons
 a - a +0 flail (weapon)
Missiles
 o - a throwing net (quivered)
Armour
 b - a +0 scale mail (worn)
 c - a +0 buckler (worn)
 i - a +0 helmet (worn)
Jewellery
 g - a +6 ring of intelligence (left hand)
 j - an amulet of reflection (around neck)
Scrolls
 e - 4 scrolls of identify {unknown}
 f - 5 scrolls of amnesia {unknown}
 n - a scroll of fear {unknown}
 p - a scroll of blinking {unknown}
 s - a scroll of teleportation {unknown}
Potions
 d - 2 potions of might
 h - 2 potions of cancellation
 k - a potion of curing {unknown}
 l - a potion of brilliance {unknown}
 m - a potion of haste {unknown}
 q - a potion of heal wounds {unknown}
 r - a potion of attraction {unknown}


   Skills:
 + Level 4.6 Fighting
 * Level 4.8 Maces & Flails
 - Level 4.0 Armour
 - Level 4.0 Shields


You had 5 spell levels left.
You didn't know any spells.
Your spell library contained the following spells:

 Spells                   Type           Power      Damage    Failure   Level
 Foxfire                  Conj/Fire      0%         2x1d4     65%         1
 Volatile Blastmotes      Fire/Tloc      0%         2d10      95%         3
 Sticky Flame             Conj/Fire      0%         2d3       100%        4
 Alistair's Intoxication  Tmut/Pois      0%         N/A       100%        5
 Plasma Beam              Fire/Air       0%         2x1d10    100%        6
 Starburst                Conj/Fire      0%         6d3       100%        6


Dungeon Overview and Level Annotations

Branches:
Dungeon (4/15)
 Temple: D:4-7

Altars:
Dithmenos
Fedhas
Nemelex Xobeh
Wu Jian
Xom


Innate Abilities, Weirdness & Mutations

You are immune to sickness and miasma.
Your stone body is resilient. (AC +4)
You are immune to poison.
You resist negative energy. (rN+)
You are resistant to electric shocks. (rElec)
You are resistant to unholy torment.
You are immune to petrification.


Message History

You closely miss the gnoll bouda.
The gnoll hits you from afar with a +0 spear.
You thump the gnoll bouda!
The gnoll bouda is heavily wounded.
You block the gnoll bouda's attack. The gnoll misses you.
You bludgeon the gnoll bouda!!
You kill the gnoll bouda!
You block the gnoll's attack. The gnoll hits you with a +0 whip.
You hit the gnoll.
The gnoll is moderately wounded.
The gnoll barely misses you. The gnoll hits you with a +0 whip.
* * * LOW HITPOINT WARNING * * *
Throw: 2 throwing nets
Press: ? - help, Q - select action Shift-Dir - straight line, f - ufetubus
Aim: an ufetubus (29% to hit)
You throw a throwing net.
The throwing net barely misses the gnoll.
The throwing net barely misses the ufetubus.
You block the gnoll's attack. The gnoll hits you but does no damage.
You closely miss the gnoll.
The gnoll is moderately wounded.
You block the gnoll's attack. The gnoll hits you but does no damage.
You sock the gnoll!
You kill the gnoll!
You block the gnoll's attack. The ufetubus closely misses you.
The ufetubus barely misses you.
The gnoll hits you from afar with a +0 spear.
* * * LOW HITPOINT WARNING * * *
You closely miss the ufetubus. You block the ufetubus's attack.
The ufetubus hits you but does no damage. x2
The ufetubus closely misses you. You block the gnoll's attack.
It was a potion of cancellation.
Your magical effects are unravelling.
You feel magically purged.
You feel a little less mighty now.
The ufetubus hits you but does no damage.
The ufetubus hits you.
* * * LOW HITPOINT WARNING * * *
The gnoll hits you from afar with a +0 spear.
You die...

..........#.... ##.#
..........#..# #..#
.........g...# ##..#
............# ##...## #
.......###.###..#..####
.....####5.....####.##)
# #g(.)....### ##...
##5####.## #... #@# ###
#.### ### ## # #


You could see a gnoll (swift) and an ufetubus.

Vanquished Creatures
  A gnoll bouda (D:4)
  8 gnolls
  5 adders
  A white imp (D:3)
  2 worms (D:2)
  3 dart slugs
  10 orcs
  9 ball pythons
  6 bats
  6 endoplasms
  9 giant cockroaches
  11 goblins
  8 hobgoblins
  7 kobolds
  4 quokkas
  8 frilled lizards
  5 rats
103 creatures vanquished.

Notes
Turn   | Place    | Note
-------+----------+-------------------------------------------
     0 | D:1      | hashsling the Gargoyle Fighter began the quest for the Orb.
     0 | D:1      | Reached XP level 1. HP: 14/14 MP: 1/1
    69 | D:1      | You fall into a shaft and drop 1 floor!
   137 | D:2      | Reached XP level 2. HP: 19/19 MP: 2/2
   191 | D:2      | Reached XP level 3. HP: 17/23 MP: 3/3
   572 | D:1      | Got Pep Giemp's Codex of Accelerants and Reformation
   767 | D:1      | Found a faded altar of an unknown god.
   888 | D:1      | Reached XP level 4. HP: 29/29 MP: 4/4
  1307 | D:2      | Reached XP level 5. HP: 33/33 MP: 5/5
  1938 | D:3      | Found a blossoming altar of Fedhas.
  1969 | D:3      | Found an ornate altar of the Wu Jian Council.
  2289 | D:3      | Found a shadowy altar of Dithmenos.
  2303 | D:3      | Found a shimmering altar of Xom.
  2384 | D:3      | Found a sparkling altar of Nemelex Xobeh.
  2888 | D:4      | Reached XP level 6. HP: 39/39 MP: 6/6
  2948 | D:4      | HP: 1/39 [ufetubus (3)]
  2948 | D:4      | Slain by a gnoll

Illustrated notes

Levels and vault maps discovered:
D:1:      dpeg_arrival_signposts, layout_basic,
          ebering_ecumenical_altar_sacrificial
D:2:      layout_basic, minmay_randomly_rotated_circles
D:3:      layout_basic, mainiacjoe_overflow_paths,
          mainiacjoe_overflow_boulevard, mainiacjoe_overflow_two_lobes,
          general_overflow_altar, minmay_fractal_squares_gapless_5
D:4:      layout_layer_cave, nicolae_hepliaklqana_monster_ancestors,
          minmay_misc_feat_encased, uniq_natasha

Skill      XL: |  1  2  3  4  5 |
---------------+----------------+-----
Maces & Flails | 3 4 |  4.8
Armour         | 4 |  4.0
Shields        | 4 |  4.0
Fighting       | 4 |  4.6

Action                     |  1- 3 |  4- 6 || total
---------------------------+-------+-------++-------
  Melee: Flail             |   131 |   226 ||   357
  Throw: Throwing net      |       |     1 ||     1
    Use: Potion            |       |     2 ||     2
 Armour: Scale mail        |   107 |    89 ||   196
  Dodge: Dodged            |    62 |    72 ||   134
  Block: Buckler           |    35 |   120 ||   155
         Reflection        |       |     2 ||     2

Table legend: (Time is in decaauts)
 A = Elapsed time spent in this place.
 B = Non-inter-level travel time spent in this place.
 C = Inter-level travel time spent in this place.
 D = Time resting spent in this place.
 E = Time spent auto-exploring this place.
 F = Levels seen in this place.
 G = Mean time per level.
                   A        B        C        D        E       F      G
               +--------+--------+--------+--------+--------+-----+--------+
         Total |   3042 |   2922 |    120 |      0 |   2152 |   4 |  760.5 |
       Dungeon |   3042 |   2922 |    120 |      0 |   2152 |   4 |  760.5 |
               +--------+--------+--------+--------+--------+-----+--------+

Top non-repeatable levels by time:
     D:2: 1152 daAuts
     D:3: 1011 daAuts
     D:1: 803 daAuts
     D:4: 74 daAuts
